AoeStats
← thinker

Arena

510086177Analyzed
4v4 RM · 2d ago on Sep 29, 2026· 53m 9s· 8 players
Game mode
Random Map
Map size
Large (8 player)
Population
200
Speed
Normal
Resources
Standard
Victory
Conquest
Starting age
Dark Age
Ending age
Imperial Age
RankedLock teamsTeams togetherTeam positionsShared explorationLock speedFull tech treeHidden civsTurbo modeCheats
Victory
Defeat
🇵🇪 Italians · Peru
1039
+13
🇨🇳 Britons · China
971
+15
🇨🇳 Huns · China
966
+16
🇨🇳 Khmer · China
833
+21
🇩🇪 Franks · Germany
967
-17
🇮🇩 Japanese · Indonesia
959
-16
🇧🇷 Bengalis · Brazil
957
-16
🇫🇷 Spanish · France
950
-16
Neirdarix
2:47 Loom
12:28 Feudal Age
16:04 Castle Age
14:11 Double-Bit Axe
14:10 Horse Collar
19:59 Bow Saw
25:36 Pikeman
33:42 Wheelbarrow
33:09 Heavy Plow
34:56 Hand Cart
39:54 Imperial Age
37:34 Scale Barding Armor
37:40 Forging
39:41 Husbandry
39:51 Bloodlines
41:13 Halberdier
41:54 Squires
41:53 Gold Mining
DekaJe
0:31 Loom
10:56 Feudal Age
15:01 Castle Age
13:54 Double-Bit Axe
14:19 Horse Collar
15:10 Fletching
19:59 Bodkin Arrow
20:45 Scale Mail Armor
22:02 Forging
23:57 Chain Mail Armor
24:46 Pikeman
26:32 Squires
26:18 Gambesons
34:38 Fortified Wall
44:51 Heavy Plow
45:05 Bow Saw
45:37 Guard Tower
45:44 Murder Holes
46:12 Ballistics
46:56 Wheelbarrow
46:11 Town Watch
50:28 Crossbowman
51:54 Hand Cart
HaweN
10:55 Feudal Age
16:05 Castle Age
14:03 Double-Bit Axe
14:47 Horse Collar
17:20 Loom
25:15 Wheelbarrow
24:33 Gold Mining
27:43 Padded Archer Armor
29:11 Fletching
29:37 Leather Archer Armor
30:06 Pikeman
31:43 Bow Saw
34:54 Squires
35:14 Hand Cart
35:23 Stone Mining
36:22 Scale Mail Armor
39:16 Imperial Age
36:53 Heavy Plow
40:25 Chain Mail Armor
40:20 Forging
41:24 Chemistry
40:20 Murder Holes
41:30 Chemistry
42:54 Two-Man Saw
jphilkill
1:27 Loom
10:53 Feudal Age
16:05 Castle Age
15:19 Stone Mining
30:21 Pikeman
32:01 Fortified Wall
38:26 Wheelbarrow
40:21 Scale Mail Armor
42:01 Hand Cart
41:38 Double-Bit Axe
42:56 Gold Mining
thinker
11:40 Feudal Age
15:43 Castle Age
14:09 Double-Bit Axe
14:17 Horse Collar
17:11 Bow Saw
18:20 Fletching
19:02 Pikeman
20:56 Loom
46:13 Heavy Plow
51:56 Imperial Age
53:30 Wheelbarrow
54:01 Two-Man Saw
喧哗的都已沙哑
13:31 Feudal Age
14:16 Horse Collar
14:29 Double-Bit Axe
17:23 Castle Age
15:55 Scale Barding Armor
16:02 Forging
16:06 Bloodlines
16:16 Gold Mining
19:13 Marauders
19:19 Husbandry
19:43 Chain Barding Armor
20:00 Iron Casting
21:57 Gold Shaft Mining
23:58 Wheelbarrow
30:12 Bow Saw
34:15 Imperial Age
33:20 Hand Cart
34:21 Elite Tarkan
36:34 Blast Furnace
36:42 Plate Barding Armor
DennisCC
2:22 Loom
11:19 Feudal Age
16:47 Castle Age
15:59 Horse Collar
16:57 Double-Bit Axe
19:42 Bow Saw
19:53 Heavy Plow
23:44 Wheelbarrow
25:12 Hand Cart
25:02 Gold Mining
25:12 Stone Mining
31:19 Imperial Age
29:49 Ballistics
29:20 Fletching
29:31 Padded Archer Armor
31:43 Stone Shaft Mining
31:07 Bodkin Arrow
31:55 Scale Mail Armor
33:36 Chemistry
33:20 Conscription
33:04 Squires
32:25 Pikeman
33:22 Leather Archer Armor
34:35 Two-Man Saw
35:21 Bracer
35:32 Forging
37:49 Crop Rotation
36:44 Elite Genoese Crossbowman
38:12 Iron Casting
37:52 Chain Mail Armor
38:08 Ring Archer Armor
37:33 Town Watch
39:10 Pirotechnia
39:20 Silk Road
40:03 Blast Furnace
40:15 Thumb Ring
41:29 Plate Mail Armor
41:05 Scale Barding Armor
47:24 Town Patrol
47:45 Chain Barding Armor
47:38 Masonry
47:08 Treadmill Crane
47:37 Caravan
48:07 Coinage
47:48 Guilds
52:26 Plate Barding Armor
52:23 Architecture
Eleven
4:33 Loom
13:16 Feudal Age
28:37 Gold Mining
28:36 Double-Bit Axe
33:52 Stone Mining
Connection lost

Rejoining the realm…

Still unreachable

The connection could not be restored.

Session expired

The server has moved on; the page needs a fresh start.